 Dungeon Crawl Stone Soup version 0.30-a0-718-geaa24f58ff (webtiles) character file.

Game seed: 16676299575577930224

27 testman the Grave Robber (level 2, -1/19 HPs)
             Began as a Demonspawn Necromancer on Jan 25, 2023.
             Slain by Natasha (5 damage)
             ... on level 2 of the Dungeon.
             The game lasted 00:03:50 (894 turns).

testman the Grave Robber (Demonspawn Necromancer)    Turns: 894, Time: 00:03:50

Health: -1/19      AC:  5    Str:  8    XL:     2   Next: 93%
Magic:  3/5        EV: 12    Int: 16    God:
Gold:   61         SH:  0    Dex: 13    Spells: 5/6 levels left

rFire   . . .      SeeInvis .    f - +0 short sword
rCold   . . .      Faith    .    (no shield)
rNeg    . . .      Spirit   .    a - +0 robe
rPois   .          Reflect  .    (no helmet)
rElec   .          Harm     .    (no cloak)
rCorr   .          Rampage  .    (no gloves)
Will    .....                    g - +0 pair of boots
Stlth   ++                       (no amulet)
HPRegen 0.23/turn                (no ring)
MPRegen 0.09/turn                (no ring)

@: very slightly contaminated, slowed, very slow
A: slimy green scales 1
a: no special abilities


You were on level 2 of the Dungeon.
You visited 1 branch of the dungeon, and saw 2 of its levels.

You collected 61 gold pieces.

Inventory:

Hand Weapons
 f - a +0 short sword (weapon)
Missiles
 d - 5 poisoned darts
Armour
 a - a +0 robe (worn)
 g - a +0 pair of boots (worn)
Jewellery
 h - a ring of resist corrosion
Scrolls
 c - a scroll of poison {unknown}
 e - a scroll of amnesia {unknown}
 i - 3 scrolls of vulnerability {unknown}
 j - 2 scrolls of identify {unknown}
 k - 2 scrolls of teleportation {unknown}
Potions
 b - 3 potions of magic


   Skills:
 - Level 1.7 Dodging
 - Level 1.7 Stealth
 + Level 2.7 Spellcasting
 + Level 4.9 Necromancy


You had 5 spell levels left.
You knew the following spells:

 Your Spells              Type           Power      Damage    Failure   Level
a - Necrotise             Necr           72%        1d7       2%          1

Your spell library contained the following spells:

 Spells                   Type           Power      Damage    Failure   Level
 Vampiric Draining        Necr           18%        2d7       8%          3
 Cigotuvi's Dreadful Rot  Necr/Pois/Air  14%        N/A       14%         2
 Animate Dead             Necr           18%        N/A       26%         4
 Dispel Undead            Necr           18%        3d11      26%         4
 Blink                    Tloc           4%         N/A       28%         2
 Lesser Beckoning         Tloc           4%         N/A       28%         2
 Momentum Strike          Conj/Tloc      4%         3d8       28%         2
 Agony                    Necr           18%        N/A       56%         5
 Death Channel            Necr           9%         N/A       98%         6


Dungeon Overview and Level Annotations

Branches:
Dungeon (2/15)

Altars:

Annotations:
D:2 Natasha


Innate Abilities, Weirdness & Mutations

You are partially covered in slimy green scales. (AC +2)


Message History

Aim: a hobgoblin (ally target, chance to affect: 87%)
The hobgoblin writhes in agony!
You kill the hobgoblin!
The dead are walking!
Found a blackened sapphire ring.
Found a viscous brown potion and a chain mail.
Found 13 gold pieces and a sling.
Deactivating autopickup; reactivate with Ctrl-A.
You feel yourself slow down.
A goblin comes into view. It is wielding a +0 club.
The goblin shouts!
Your rat skeleton crumbles into dust!
Aiming: Necrotise (safe; 2% risk of failure)
Press: ? - help, Q - select action, (/) - cycle Shift-Dir - straight line, f - goblin
Aim: a goblin, wielding a +0 club (chance to affect: 88%)
You miscast Necrotise.
You are very lightly contaminated with residual magic.
Nothing appears to happen.
You hear some strange, mumbled words.
Something claws you.
Aiming: Necrotise (safe; 2% risk of failure)
Press: ? - help, Q - select action, (/) - cycle Shift-Dir - straight line, f/p - goblin
Aim: a goblin, wielding a +0 club (chance to affect: 88%)
The goblin writhes in agony!
You kill the goblin!
The dead are walking!
Something claws you.
The crimson imp grinds its teeth.
Okay, then.
Aiming: Necrotise (safe; 2% risk of failure)
Press: ? - help, Q - select action, (/) - cycle Shift-Dir - straight line, f - you
Okay, then.
Something claws you.
The crimson imp blinks!
Something claws you.
* * * LOW HITPOINT WARNING * * *
The crimson imp hits your hobgoblin skeleton.
Your hobgoblin skeleton barely misses the crimson imp.
The crimson imp hits your hobgoblin skeleton.
Your goblin skeleton hits the crimson imp but does no damage.
Your hobgoblin skeleton misses the crimson imp.
You closely miss something. Something claws you.
You die...

.......# #..####......#
.. ..#......# #.
#.#..Z.=. #.##.##5#.#####
#..>..Z...).... ##
###########.....#.####..
. ..#.. ..#..{..#.### #
#.#.# #.#..@......#
#####.#.####.#.....#...!.
##.................#..[.#
......#...##..######.....
......#...##..# #.####
...#.##.......# .
...#.###..#.#.# ..##.#
#..#.#.# ..##.# #......#


You could see a crimson imp (summoned, ally target), a friendly goblin skeleton
and a friendly hobgoblin skeleton.

Vanquished Creatures
  A ball python (D:1)
  A goblin (D:2)
  4 hobgoblins
  2 jackals (D:1)
  3 kobolds (D:1)
  A quokka (D:2)
  2 bats (D:1)
  3 frilled lizards (D:1)
  4 rats
21 creatures vanquished.

Vanquished Creatures (collateral kills)
  A ball python (D:1)
  A goblin (D:1)
  A kobold (D:1)
  A quokka (D:1)
4 creatures vanquished.

Grand Total: 25 creatures vanquished

Notes
Turn   | Place    | Note
-------+----------+-------------------------------------------
     0 | D:1      | testman the Demonspawn Necromancer began the quest for the
                  | Orb.
     0 | D:1      | Reached XP level 1. HP: 13/13 MP: 3/3
   169 | D:1      | Found a faded altar of an unknown god.
   237 | D:1      | Gained mutation: You are partially covered in slimy green
                  | scales. (AC +2) [demonic ancestry]
   237 | D:1      | Reached XP level 2. HP: 19/19 MP: 1/5
   891 | D:2      | Noticed a crimson imp
   894 | D:2      | Slain by Natasha

Illustrated notes

Levels and vault maps discovered:
D:1:      elethiomel_arrival_quiet, layout_basic,
          hellmonk_ecumenical_altar_crossroads, bh_walls_and_bars
D:2:      kb_forest_paths, layout_loops_cross, uniq_robin, uniq_natasha,
          uniq_crazy_yiuf_cottage

Action                     || total
---------------------------++-------
  Melee: Short sword       ||    27
   Cast: Necrotise         ||    26
   Stab: Sleeping          ||     1
 Armour: Robe              ||    11
  Dodge: Dodged            ||    23

Table legend: (Time is in decaauts)
 A = Elapsed time spent in this place.
 B = Non-inter-level travel time spent in this place.
 C = Inter-level travel time spent in this place.
 D = Time resting spent in this place.
 E = Time spent auto-exploring this place.
 F = Levels seen in this place.
 G = Mean time per level.
                   A        B        C        D        E       F      G
               +--------+--------+--------+--------+--------+-----+--------+
         Total |    896 |    870 |     26 |      0 |    686 |   2 |  448.0 |
       Dungeon |    896 |    870 |     26 |      0 |    686 |   2 |  448.0 |
               +--------+--------+--------+--------+--------+-----+--------+

Top non-repeatable levels by time:
     D:1: 824 daAuts
     D:2: 71 daAuts
